 Dungeon Crawl Stone Soup version 0.27-a0-1281-ge233d83751 (webtiles) character file.

Game seed: 8424322106438761029

309 Glokmah the Firebug (level 6, 0/44 HPs)
             Began as a Gnoll Fire Elementalist on June 14, 2021.
             Slain by a gnoll (5 damage)
             ... on level 4 of the Dungeon.
             The game lasted 00:05:21 (3492 turns).

Glokmah the Firebug (Gnoll Fire Elementalist)       Turns: 3492, Time: 00:05:22

Health: 0/44       AC:  5    Str: 10    XL:     6   Next: 41%
Magic:  6/14       EV: 17    Int: 14    God:
Gold:   162        SH:  0    Dex: 12    Spells: 10/15 levels left

rFire    . . .     SeeInvis .   a - +2 club (spect)
rCold    + . .     Faith    .   (no shield)
rNeg     . . .     Spirit   .   k - +1 robe {rC+}
rPois    +         Reflect  .   (no helmet)
rElec    .         Harm     .   (no cloak)
rCorr    .         Rampage  .   m - +0 pair of gloves
Will     .....                  l - +0 pair of boots
Stlth    +++.......             (no amulet)
HPRegen  0.14/turn              c - ring of poison resistance
MPRegen  0.14/turn              f - +4 ring of evasion

@: no status effects
A: fangs 1, strong nose, distributed training
a: no special abilities


You were on level 4 of the Dungeon.
You visited 1 branch of the dungeon, and saw 4 of its levels.

You collected 162 gold pieces.

Inventory:

Hand Weapons
 a - a +2 spectral club (weapon)
 b - a +0 hunting sling
 i - a +0 dagger
Missiles
 d - 7 poisoned darts
 e - 30 sling bullets
Armour
 k - a +1 robe of cold resistance (worn)
 l - a +0 pair of boots (worn)
 m - a +0 pair of gloves (worn)
Magical Staves
 g - a staff of poison
Jewellery
 c - a ring of poison resistance (left hand)
 f - a +4 ring of evasion (right hand)
Potions
 h - a potion of mutation
 r - a potion of cancellation
 s - a potion of haste
 t - a potion of curing {unknown}


   Skills:
 + Level 2.0 Fighting
 + Level 2.0 Short Blades
 + Level 2.0 Long Blades
 + Level 2.0 Axes
 + Level 2.0 Maces & Flails
 + Level 2.0 Polearms
 + Level 2.0 Staves
 + Level 2.0 Slings
 + Level 2.0 Bows
 + Level 2.0 Crossbows
 + Level 2.0 Throwing
 + Level 2.0 Armour
 + Level 5.0 Dodging
 + Level 4.6 Stealth
 + Level 2.0 Shields
 + Level 2.0 Unarmed Combat
 + Level 5.3 Spellcasting
 + Level 2.6 Conjurations
 + Level 1.5 Hexes
 + Level 1.5 Summonings
 + Level 1.5 Necromancy
 + Level 1.5 Translocations
 + Level 1.5 Transmutations
 + Level 5.6 Fire Magic
 + Level 1.5 Ice Magic
 + Level 1.5 Air Magic
 + Level 1.5 Earth Magic
 + Level 1.5 Poison Magic
 + Level 2.1 Invocations
 + Level 2.0 Evocations


You had 10 spell levels left.
You knew the following spells:

 Your Spells              Type           Power      Damage    Failure   Level
a - Foxfire               Conj/Fire      60%        2x1d7     3%          1
b - Sticky Flame          Conj/Fire      15%        2d4       30%         4

Your spell library contained the following spells:

 Spells                   Type           Power      Damage    Failure   Level
 Animate Skeleton         Necr           16%        N/A       9%          1
 Pain                     Necr           32%        1d5       9%          1
 Summon Small Mammal      Summ           32%        N/A       9%          1
 Conjure Flame            Conj/Fire      15%        6-21      9%          3
 Inner Flame              Hex/Fire       13%        N/A       12%         3
 Call Imp                 Summ           8%         N/A       14%         2
 Call Canine Familiar     Summ           8%         N/A       26%         3
 Summon Guardian Golem    Hex/Summ       8%         N/A       26%         3
 Vampiric Draining        Necr           4%         2d6       26%         3
 Fireball                 Conj/Fire      7%         3d5       63%         5
 Animate Dead             Necr           4%         N/A       65%         4
 Summon Ice Beast         Ice/Summ       8%         N/A       65%         4
 Summon Lightning Spire   Summ/Air       8%         N/A       65%         4
 Agony                    Necr           8%         N/A       94%         5


Dungeon Overview and Level Annotations

Branches:
Dungeon (4/15)
 Temple: D:4-7

Altars:

Shops:
D:1 (

Annotations:
D:4 2 transporters, stil's ghost, amateur DjFE


Innate Abilities, Weirdness & Mutations

You have very sharp teeth.
Your uncanny sense of smell can sniff out nearby items.
Your experience applies equally to all skills.


Message History

Your Shields skill increases to level 2!
Your Unarmed Combat skill increases to level 2!
Your Evocations skill increases to level 2!
Casting: Foxfire (safe; 3% risk of failure)
Confirm with . or Enter, or press ? or * to list all spells.
You conjure some foxfire!
Casting: Foxfire (safe; 3% risk of failure)
Confirm with . or Enter, or press ? or * to list all spells.
You conjure some foxfire!
The foxfire hits the gnoll.
The gnoll is moderately wounded.
The gnoll hits you from afar with the +10 trident of Causality {vorpal, *Corrode rPois Int+2}!
Unknown command.
The foxfire hits the gnoll.
The gnoll is heavily wounded.
The foxfire hits the gnoll.
The gnoll is severely wounded.
The gnoll misses you.
The foxfire hits the gnoll.
The gnoll is severely wounded.
Items here: ! ( ) ? †.
You closely miss the gnoll.
The gnoll is severely wounded.
Your spectral +2 spectral club barely misses the gnoll.
The gnoll hits you with the +10 trident of Causality {vorpal, *Corrode rPois Int+2}!
* * * LOW HITPOINT WARNING * * *
x2 You hit the gnoll.
The gnoll is almost dead.
Your spectral +2 spectral club barely misses the gnoll.
The gnoll misses you.
Casting: Foxfire (safe; 3% risk of failure)
Confirm with . or Enter, or press ? or * to list all spells.
You conjure some foxfire!
The gnoll barely misses you.
You barely miss the gnoll.
The gnoll is almost dead.
Your spectral +2 spectral club hits the gnoll!
You kill the gnoll!
The foxfire hits the gnoll but does no damage.
The foxfire hits the gnoll.
The gnoll is moderately wounded.
The gnoll hits you from afar with a +0 spear.
You die...

...## # .......
#.## #..#
....... .# ..
#..# ###.### .#
.... #..# .#.#
#.<# ..####..#
#.) ....#
#.####g.##
#..)@))..####
#..(§§.©.....#
#..#########..#
#.##8YSJ!.8##.#
#.#.Z..W...©#.#
#.
#.#.....(...#.#
#.#
#.#.........#(#
#.#
#.#....©....#.#
#.#
#.#.........#.#
#.#


You could see an ice beast, stil's ghost, a gnoll, an adder, an endoplasm, a
water moccasin skeleton and a friendly spectral +2 spectral club (summoned).

Vanquished Creatures
  An ogre (D:4)
  A howler monkey (D:3)
  An orc priest (D:4)
  A hound (D:3)
  Jessica (D:2)
  3 gnolls (D:4)
  3 adders (D:2)
  A worm (D:2)
  2 orcs (D:4)
  3 ball pythons
  6 endoplasms
  6 giant cockroaches
  4 goblins
  7 hobgoblins
  A jackal (D:1)
  2 kobolds
  A quokka (D:2)
  2 bats
  4 rats (D:1)
50 creatures vanquished.

Vanquished Creatures (others)
  148 foxfires
148 creatures vanquished.

Grand Total: 198 creatures vanquished

Notes
Turn   | Place    | Note
-------+----------+-------------------------------------------
     0 | D:1      | Glokmah the Gnoll Fire Elementalist began the quest for the
                  | Orb.
     0 | D:1      | Reached XP level 1. HP: 13/13 MP: 6/6
   168 | D:1      | Reached XP level 2. HP: 19/19 MP: 5/7
   916 | D:1      | Found Ziuggerch's Weapon Shop.
  1343 | D:2      | Noticed Jessica
  1347 | D:2      | Killed Jessica
  1348 | D:2      | Reached skill level 5 in Spellcasting
  1348 | D:2      | Reached skill level 1 in Invocations
  1348 | D:2      | Reached XP level 3. HP: 25/25 MP: 5/9
  1351 | D:2      | Reached skill level 1 in Fighting
  1351 | D:2      | Reached skill level 1 in Short Blades
  1351 | D:2      | Reached skill level 1 in Long Blades
  1351 | D:2      | Reached skill level 1 in Axes
  1351 | D:2      | Reached skill level 1 in Maces & Flails
  1351 | D:2      | Reached skill level 1 in Polearms
  1351 | D:2      | Reached skill level 1 in Staves
  1351 | D:2      | Reached skill level 1 in Slings
  1351 | D:2      | Reached skill level 1 in Bows
  1351 | D:2      | Reached skill level 1 in Crossbows
  1351 | D:2      | Reached skill level 1 in Throwing
  1351 | D:2      | Reached skill level 1 in Armour
  1351 | D:2      | Reached skill level 1 in Shields
  1351 | D:2      | Reached skill level 1 in Unarmed Combat
  1351 | D:2      | Reached skill level 1 in Evocations
  1489 | D:2      | Reached XP level 4. HP: 32/32 MP: 9/11
  1511 | D:2      | Learned a level 4 spell: Sticky Flame
  2053 | D:2      | Reached skill level 1 in Hexes
  2053 | D:2      | Reached skill level 1 in Summonings
  2053 | D:2      | Reached skill level 1 in Necromancy
  2053 | D:2      | Reached skill level 1 in Translocations
  2053 | D:2      | Reached skill level 1 in Transmutations
  2053 | D:2      | Reached skill level 1 in Ice Magic
  2053 | D:2      | Reached skill level 1 in Air Magic
  2053 | D:2      | Reached skill level 1 in Earth Magic
  2053 | D:2      | Reached skill level 1 in Poison Magic
  2654 | D:3      | Reached XP level 5. HP: 31/37 MP: 12/12
  3015 | D:4      | Noticed an ogre
  3020 | D:4      | Killed an ogre
  3021 | D:4      | Reached XP level 6. HP: 39/44 MP: 10/13
  3429 | D:4      | Found a transporter.
  3429 | D:4      | Noticed stil's ghost (amateur DjFE)
  3429 | D:4      | Noticed an ice beast
  3460 | D:4      | Found a transporter.
  3473 | D:4      | Reached skill level 5 in Dodging
  3485 | D:4      | Identified the +10 trident of Causality {vorpal, *Corrode
                  | rPois Int+2}
  3492 | D:4      | Slain by a gnoll

Illustrated notes

Levels and vault maps discovered:
D:1:      shiori_arrival_maze, layout_loops_ring, serial_shops,
          nicolae_shop_window_shopping, ebering_ecumenical_altar_sacrificial
D:2:      layout_basic, serial_bayou, serial_bayou_pond_e, serial_bayou_pond_d,
          serial_bayou_lagoon_a, serial_bayou_pond_d, uniq_jessica
D:3:      layout_basic
D:4:      layout_loops_ring, nzn_wu_jian_council_hall,
          minmay_temple_entry_slanted, gammafunk_ghost_arena

Skill      XL: |  1  2  3  4  5  6 |
---------------+-------------------+-----
Conjurations   | 2 |  2.6
Spellcasting   | 5 |  5.3
Invocations    | 1 2 |  2.1
Fighting       | 1 2 |  2.0
Short Blades   | 1 2 |  2.0
Long Blades    | 1 2 |  2.0
Axes           | 1 2 |  2.0
Maces & Flails | 1 2 |  2.0
Polearms       | 1 2 |  2.0
Staves         | 1 2 |  2.0
Slings         | 1 2 |  2.0
Bows           | 1 2 |  2.0
Crossbows      | 1 2 |  2.0
Throwing       | 1 2 |  2.0
Armour         | 1 2 |  2.0
Shields        | 1 2 |  2.0
Unarmed Combat | 1 2 |  2.0
Evocations     | 1 2 |  2.0
Hexes          | 1 |  1.5
Summonings     | 1 |  1.5
Necromancy     | 1 |  1.5
Translocations | 1 |  1.5
Transmutations | 1 |  1.5
Ice Magic      | 1 |  1.5
Air Magic      | 1 |  1.5
Earth Magic    | 1 |  1.5
Poison Magic   | 1 |  1.5
Dodging        | 5 |  5.0
Stealth        | |  4.6
Fire Magic     | |  5.6

Action                   |  1- 3 |  4- 6 || total
-------------------------+-------+-------++-------
Melee: Unarmed           |     9 |       ||     9
       Dagger            |     8 |       ||     8
       Bite              |     3 |     3 ||     6
       Club              |       |    48 ||    48
       Punch             |       |     1 ||     1
 Cast: Foxfire           |    46 |    43 ||    89
  Use: Scroll            |       |     7 ||     7
 Stab: Sleeping          |     1 |     4 ||     5
Armor: Robe              |    10 |    11 ||    21
Dodge: Dodged            |    21 |    34 ||    55

Table legend: (Time is in decaauts)
 A = Elapsed time spent in this place.
 B = Non-inter-level travel time spent in this place.
 C = Inter-level travel time spent in this place.
 D = Time resting spent in this place.
 E = Time spent auto-exploring this place.
 F = Levels seen in this place.
 G = Mean time per level.
                   A        B        C        D        E       F      G
               +--------+--------+--------+--------+--------+-----+--------+
         Total |   3537 |   3105 |    432 |    370 |   2165 |   4 |  884.2 |
       Dungeon |   3537 |   3105 |    432 |    370 |   2165 |   4 |  884.2 |
               +--------+--------+--------+--------+--------+-----+--------+

Top non-repeatable levels by time:
     D:2: 1350 daAuts
     D:1: 1152 daAuts
     D:3: 759 daAuts
     D:4: 275 daAuts
